 Dungeon Crawl Stone Soup version 0.20-a0-256-gabb291d (console) character file.

494 Gottschkopf the Charmwright (level 6, -1/32 HPs)
             Began as a Deep Elf Conjurer on Dec 1, 2016.
             Slain by a water moccasin zombie (3 damage)
             ... in an ossuary.
             The game lasted 00:14:45 (4470 turns).

Gottschkopf the Charmwright (Deep Elf Conjurer)     Turns: 4470, Time: 00:14:46

Health: -1/32      AC:  3    Str:  4 (5)  XL:     6   Next: 92%
Magic:  0/18       EV: 12    Int: 22      God:
Gold:   104        SH:  0    Dex: 12 (15) Spells: 3/19 levels left

rFire  . . .     SeeInvis .     t - -1 dagger (curse)
rCold  . . .     Gourm    .     a - +0 robe
rNeg   . . .     Faith    .     (no shield)
rPois  .         Spirit   .     (no helmet)
rElec  .         Reflect  .     (no cloak)
rCorr  .         Harm     .     (no gloves)
MR     .....                    e - +0 pair of boots (curse)
Stlth  ++........               (no amulet)
                                (no ring)
                                (no ring)

@: very slightly contaminated
A: no striking features
a: no special abilities


You were in an ossuary.
You were very hungry.

You visited 1 branch of the dungeon, and saw 4 of its levels.
You also visited: Ossuary.

You collected 104 gold pieces.

Inventory:

Hand Weapons
 t - a cursed -1 dagger (weapon)
Armour
 a - a +0 robe (worn)
 e - a cursed +0 pair of boots (worn)
Scrolls
 h - 4 scrolls of noise {unknown}
 i - 3 scrolls of identify {unknown}
 k - 3 scrolls of recharging {unknown}
 m - 2 scrolls of blinking {unknown}
 n - a scroll of fear {unknown}
 u - 2 scrolls of remove curse {unknown}
 w - 2 scrolls of teleportation {unknown}
 x - 2 scrolls of enchant weapon {unknown}
Potions
 j - a potion of resistance {unknown}
 l - a potion of ambrosia
 o - a potion of lignification {unknown}
 p - a potion of berserk rage {unknown}
 q - a potion of brilliance {unknown}
Books
 b - a book of Conjurations

   Spells                             Type                      Level
   a - Magic Dart                     Conjuration                  1
   b - Searing Ray                    Conjuration                  2
   c - Dazzling Spray                 Conjuration/Hexes            3
   d - Fulminant Prism                Conjuration/Hexes            4
   e - Iskenderun's Mystic Blast      Conjuration                  4
   f - Iskenderun's Battlesphere      Conjuration/Charms           5
Comestibles
 c - 4 bread rations
 g - 4 meat rations
 v - a beef jerky


   Skills:
 - Level 2.4 Dodging
 - Level 2.4 Stealth
 - Level 7.1 Spellcasting
 - Level 4.3 Conjurations
 + Level 7.4 Charms


You had 3 spell levels left.
You knew the following spells:

 Your Spells              Type           Power        Failure   Level  Hunger
a - Magic Dart            Conj           ####         1%          1    None
b - Searing Ray           Conj           ####..       1%          2    None
c - Iskenderun's Mystic   Conj           ####....     14%         4    ###....
d - Fulminant Prism       Conj/Hex       ###.......   38%         4    ###....
e - Iskenderun's Battles  Conj/Chrm      ####....     21%         5    #####..


Dungeon Overview and Level Annotations

Branches:
Dungeon (4/15)
 Temple: D:4-7

Altars:
Dithmenos
Sif Muna
Trog
Yredelemnul

Annotations:
D:3 qwip's ghost, amateur DsCK
D:4 qwip's ghost, amateur DsCK


Message History

You don't have enough magic to cast that spell.
Unknown command.
Casting: Iskenderun's Mystic Blast
Confirm with . or Enter, or press ? or * to list all spells.
Aiming: Magic Dart
Press: ? - help, Shift-Dir - straight line, f/p - water moccasin zombie
Aim: a water moccasin zombie (lightly damaged)
The magic dart hits the water moccasin zombie.
The water moccasin zombie is moderately damaged.
The water moccasin zombie bites you!
* * * LOW HITPOINT WARNING * * *
Casting: Magic Dart
Confirm with . or Enter, or press ? or * to list all spells.
Aiming: Magic Dart
Press: ? - help, Shift-Dir - straight line, f/p - water moccasin zombie
Aim: a water moccasin zombie (moderately damaged)
The magic dart hits the water moccasin zombie.
The water moccasin zombie is moderately damaged.
The water moccasin zombie bites you.
You die... ..# ^^# '## #+### ..# #...# ..# #...# ..# #... ..# #ZZ

'###############Z###
..#...'^^..'...#@^.#
..'...#...^#...#...#
..#...#....#...'.^∩#
####################


You could see a water moccasin zombie, a gnoll zombie and a big kobold zombie.

Vanquished Creatures
  4 water moccasin zombies (Ossuary)
  A jelly (D:3)
  2 orc wizards (D:4)
  2 worker ants (D:4)
  A mummy (D:4)
  3 adders (D:3)
  2 oozes
  2 adder zombies (Ossuary)
  6 worms
  3 dart slugs
  A leopard gecko (D:1)
  2 orcs (D:4)
  A ball python (D:2)
  4 giant cockroaches
  A gnoll zombie (Ossuary)
  9 goblins
  6 hobgoblins
  5 kobolds
  A quokka (D:2)
  3 bats (D:1)
  5 frilled lizards
  2 hobgoblin zombies (Ossuary)
  5 kobold zombies (Ossuary)
  5 orc zombies (Ossuary)
  8 rats
84 creatures vanquished.

Notes
Turn   | Place    | Note
-------+----------+-------------------------------------------
     0 | D:1      | Gottschkopf the Deep Elf Conjurer began the quest for the Orb.
     0 | D:1      | Reached XP level 1. HP: 10/10 MP: 6/6
   229 | D:1      | Reached XP level 2. HP: 10/15 MP: 3/9
   233 | D:1      | Learned a level 2 spell: Searing Ray
   780 | D:1      | Reached XP level 3. HP: 19/19 MP: 8/11
  1039 | D:1      | Reached skill level 5 in Spellcasting
  1364 | D:2      | Found a shadowy altar of Dithmenos.
  1905 | D:2      | Found a bloodstained altar of Trog.
  2115 | D:3      | Reached XP level 4. HP: 13/24 MP: 10/14
  2133 | D:3      | Learned a level 4 spell: Iskenderun's Mystic Blast
  2138 | D:3      | Learned a level 4 spell: Fulminant Prism
  2360 | D:3      | Found a deep blue altar of Sif Muna.
  2688 | D:3      | Noticed qwip's ghost (amateur DsCK)
  3106 | D:3      | Found a basalt altar of Yredelemnul.
  3685 | D:3      | Reached XP level 5. HP: 28/28 MP: 10/16
  3692 | D:3      | Learned a level 5 spell: Iskenderun's Battlesphere
  3703 | D:4      | Reached skill level 1 in Charms
  3825 | D:4      | Noticed qwip's ghost (amateur DsCK)
  4032 | D:4      | Found a sand-covered staircase.
  4041 | Ossuary  | Entered an ossuary
  4189 | Ossuary  | Reached skill level 5 in Charms
  4189 | Ossuary  | Reached XP level 6. HP: 23/32 MP: 6/18
  4470 | Ossuary  | Slain by a water moccasin zombie

Vault maps used:
D:1:      onia_arrival_mini_maze_b, minmay_misc_feat_hallway
D:2:      lightli_temple_of_fire, lemuel_round_altar, first_bread
D:3:      nicolae_overflow_crystal_walls, lemuel_crystal_altar
D:4:      gup_ossuary_entry_pyramid, serial_shops, shop
Ossuary:  ossuary_tomb_2

Skill      XL: |  1  2  3  4  5  6 |
---------------+-------------------+-----
Spellcasting   | 4 6 7 |  7.1
Charms         | 5 7 |  7.4
Dodging        | |  2.4
Stealth        | |  2.4
Conjurations   | |  4.3

Action                   |  1- 3 |  4- 6 || total
-------------------------+-------+-------++-------
Melee: Dagger            |       |     8 ||     8
 Cast: Magic Dart        |    78 |   103 ||   181
       Searing Ray       |       |     8 ||     8
       Iskenderun's Myst |       |    14 ||    14
  Use: Potion            |       |     3 ||     3
 Stab: Sleeping          |       |     1 ||     1
  Eat: Chunk             |     3 |     7 ||    10
       Fruit             |       |     1 ||     1
Armor: Robe              |     1 |    12 ||    13
Dodge: Dodged            |     4 |    43 ||    47
